 Dungeon Crawl Stone Soup version 0.17.2 (webtiles) character file.

12813 Goblin1989 the Cleaver (level 11, -7/87 HPs)
             Began as a Demonspawn Wanderer on June 3, 2016.
             Was a High Priest of Okawaru.
             Mangled by an ice beast (13 damage)
             ... summoned by Fannar
             ... on level 11 of the Dungeon.
             The game lasted 00:33:45 (9681 turns).

Goblin1989 the Cleaver (Demonspawn Wanderer)        Turns: 9681, Time: 00:33:45

Health: -7/87      AC: 20    Str: 12    XL:     11   Next: 67%
Magic:  0/15       EV:  7    Int: 10    God:    Okawaru [*****.]
Gold:   177        SH:  0    Dex: 20    Spells: 1 memorised, 9 levels left

rFire  + + .     SeeInvis .     W - +0 battleaxe
rCold  . . .     Clarity  .     P - +6 chain mail "Juralos" {MR++ rCorr Int-4}
rNeg   . . .     SustAt   .     (shield currently unavailable)
rPois  .         Gourm    .     r - +0 helmet
rElec  .         Spirit   +     (no cloak)
rCorr  +         Warding  .     (no gloves)
rMut   .         Stasis   .     (no boots)
MR     +++..                    J - amulet "Erinec" {Spirit rF+ Dex+4}
Stlth  ..........               A - ring of protection from fire {rF+, !d}
                                n - ring of protection from magic {MR+, !d}

@: extremely resistant to hostile enchantments, extremely unstealthy
A: yellow scales 1, demonic guardian 1, spiny 2
a: Heroism, Finesse, Renounce Religion


You were on level 11 of the Dungeon.
You worshipped Okawaru.
Okawaru was extremely pleased with you.
You were near starving.

You visited 1 branch of the dungeon, and saw 11 of its levels.
You also visited: Sewer and Ossuary.

You collected 716 gold pieces.
You spent 539 gold pieces at shops.

Inventory:

Hand Weapons
 b - a +2 whip of flaming
 T - the +5 executioner's axe of the Iron City of Dis {pain, rElec rF- Int+4 Stlth+}
   (Okawaru gifted it to you on level 10 of the Dungeon)

   In the hands of one skilled in necromantic magic, it inflicts extra damage on
   living creatures.
   It affects your intelligence (+4).
   It makes you vulnerable to fire.
   It insulates you from electricity.
   It makes you more stealthy.
 W - a +0 battleaxe (weapon)
Armour
 r - a +0 helmet (worn)
 G - the +9 armour of the Dragon King {rPois rF+ rC+ MR+}
   (You found it on level 7 of the Dungeon)

   It protects you from fire.
   It protects you from cold.
   It protects you from poison.
   It affects your resistance to hostile enchantments.
 P - the +6 chain mail "Juralos" (worn) {MR++ rCorr Int-4}
   (You bought it in a shop on level 9 of the Dungeon)

   It affects your intelligence (-4).
   It affects your resistance to hostile enchantments.
   It protects you from acid and corrosion.
Jewellery
 n - a ring of protection from magic (left hand) {MR+, !d}
 A - a ring of protection from fire (right hand) {rF+, !d}
 J - the amulet "Erinec" (around neck) {Spirit rF+ Dex+4}
   (You found it on level 7 of the Dungeon)

   [amulet of guardian spirit]

   It causes incoming damage to be split between your health and magic.
   It affects your dexterity (+4).
   It protects you from fire.
 V - an uncursed amulet of clarity {unknown}
Wands
 f - a wand of digging (15)
 m - a wand of fireball (15)
 E - a wand of confusion (26)
 L - a wand of cold (8)
 R - a wand of cold (5)
 S - a wand of flame (25)
Scrolls
 c - 3 scrolls of teleportation
 g - 4 scrolls of recharging
 i - 3 scrolls of fog {unknown}
 q - 9 scrolls of remove curse
 t - a scroll of blinking {!r}
 w - a scroll of holy word {unknown}
 x - 4 scrolls of enchant weapon
 y - 6 scrolls of identify
 B - a scroll of enchant armour
 D - a scroll of immolation {unknown}
 I - a scroll of noise {unknown}
 N - a scroll of acquirement {unknown}
Potions
 d - a potion of cancellation
 j - 4 potions of brilliance
 k - 2 potions of invisibility {unknown}
 l - 2 potions of degeneration {unknown}
 p - 3 potions of flight
 u - 2 potions of might
 v - 2 potions of agility
 C - a potion of resistance
 F - 10 potions of curing
 K - 2 potions of lignification {unknown}
 M - a potion of ambrosia {unknown}
 U - a potion of berserk rage {unknown}
Comestibles
 a - a slice of pizza
 e - 14 bread rations
 o - 5 beef jerkies
 s - 6 meat rations
 H - 6 fruits
 Q - 15 royal jellies


   Skills:
 + Level 8.8 Fighting
 * Level 13.0 Axes
 + Level 7.4 Armour
 + Level 1.8 Dodging
 - Level 1.0 Stealth
 - Level 5.8 Invocations
 - Level 1.0 Evocations


You had 9 spell levels left.
You knew the following spells:

 Your Spells              Type           Power        Failure   Level  Hunger
a - Apportation           Tloc           #.........   100%        1    ##.....


Dungeon Overview and Level Annotations

Branches:
Dungeon (11/15)            Temple (0/1) D:4            Lair (0/8) D:9
    Orc (0/4) D:10

Altars:
Cheibriados
Elyvilon
Nemelex Xobeh
Okawaru
Qazlal
Xom

Shops:
D:5 !   D:9 [

Annotations:
D:11 Fannar


Innate Abilities, Weirdness & Mutations

You are partially covered in yellow scales (AC +2).
A weak demonic guardian rushes to your aid.
You are mostly covered in sharp spines.


Message History

You feel very cold.
* * * LOW HITPOINT WARNING * * *
Fannar is frozen.
Fannar resists.
The ice beast is struck by your spines.
The ice beast hits you but does no damage.
You take 19 damage, and have 8/87 hp.
MASSIVE DAMAGE!!
You hit the ice beast but do no damage. You slash the ice beast!
You kill the ice beast!
You hit the ice beast but do no damage.
Fannar mumbles some strange words.
The ice beast closely misses you. The ice beast is struck by your spines.
The ice beast barely misses you.
Fannar brushes some snowflakes from his robe.
The ice beast is struck by your spines.
The ice beast hits you but does no damage.
The ice beast is struck by your spines.
The ice beast hits you but does no damage.
The ice beast is struck by your spines. The ice beast hits you.
* * * LOW HITPOINT WARNING * * *
The ice beast freezes you!
You die...

#........>... ###
........... .. #.#
#......... ... ##.#
#.....YY.. #.. #.##
##......... #.# .[###
###....###### #. #[[.##
###.......## #
###[.###..........#
##.......#...5@Y##
#......##..=YYe.# #
##......##††##....#### ## #
#....[.###.#####.......###
#. ###.......##.#
#....#..<#####.
.#........#..#
..###.........
.............## .##
#...#####.
##............####..##....##
#( ##.......##[÷...#........
##


You could see Fannar, 3 ice beasts and a friendly crimson imp.

Vanquished Creatures
  Urug (D:11)
  An unseen horror (D:10)
  Pikel (D:7)
  3 hill giants
  An ugly thing (D:11)
  A centaur zombie (D:11)
  A queen bee (D:10)
  2 trolls
  A wyvern (D:11)
  A spriggan (D:7)
  A deep elf mage (D:11)
  12 yaks
  Grum (D:11)
  2 wolves (D:11)
  Menkaure (D:4)
  The ghost of DEFE the Ducker, an amateur DEFi (D:4)
  2 phantoms (D:9)
  Purgy (Sewer)
  An ice beast (D:10)
  4 slaves (D:7)
  A necrophage (D:7)
  An orc warrior (D:10)
  7 ogres
  2 centaurs
  A big kobold (D:9)
  5 giant frogs
  3 water moccasin zombies
  2 scorpions
  10 wights
  33 killer bees
  6 crimson imps
  A wasp zombie (D:6)
  A gnoll shaman (D:5)
  4 jellies
  A quasit (D:7)
  5 orc priests
  4 hounds
  2 centaur skeletons
  14 orc wizards
  2 giant frog skeletons
  Terence (D:2)
  5 worker ants
  4 iguanas
  5 big kobold zombies (Ossuary)
  A hound skeleton (D:5)
  2 mummies (Ossuary)
  2 worker ant zombies
  15 adders
  10 gnolls
  A river rat (D:3)
  3 shadow imps
  An ooze (D:6)
  An adder skeleton (D:4)
  9 adder zombies (Ossuary)
  2 worms (D:2)
  7 giant geckos
  46 orcs
  5 giant cockroaches
  A gnoll zombie (Ossuary)
  5 hobgoblins
  17 jackals
  10 kobolds
  3 ball pythons
  6 bats
  7 giant newts
  3 goblins
  8 kobold zombies (Ossuary)
  5 orc zombies (Ossuary)
  10 quokkas
  2 quokka skeletons (D:4)
  A quokka zombie (D:8)
  10 rats
352 creatures vanquished.

Vanquished Creatures (collateral kills)
  A sky beast (D:4)
  A water moccasin zombie (Ossuary)
  A killer bee (D:10)
  A wight (D:8)
  An orc priest (D:5)
  A worker ant zombie (D:6)
  An orc zombie (Ossuary)
7 creatures vanquished.

Vanquished Creatures (others)
  An adder (D:7)
1 creature vanquished.

Grand Total: 360 creatures vanquished

Notes
Turn   | Place    | Note
--------------------------------------------------------------
     0 | D:1      | Goblin1989 the Demonspawn Wanderer began the quest for the Orb.
     0 | D:1      | Goblin1989 set off with: a +2 hand axe, a potion of curing, a scroll of teleportation, a +0 robe, a bread ration
     0 | D:1      | Reached XP level 1. HP: 19/19 MP: 1/1
   263 | D:1      | Gained mutation: You are partially covered in sharp spines. [demonic ancestry]
   263 | D:1      | Reached XP level 2. HP: 23/25 MP: 2/2
   833 | D:2      | Gained mutation: You are mostly covered in sharp spines. [demonic ancestry]
   833 | D:2      | Reached XP level 3. HP: 28/30 MP: 3/3
   837 | D:2      | Found a faded altar to an unknown god.
   842 | D:2      | Noticed Terence
   861 | D:2      | Killed Terence
   885 | D:2      | Reached XP level 4. HP: 13/37 MP: 4/4
  1742 | D:3      | Gained mutation: A weak demonic guardian rushes to your aid. [demonic ancestry]
  1742 | D:3      | Reached XP level 5. HP: 14/42 MP: 5/5
  1904 | D:3      | Reached skill level 5 in Axes
  1995 | D:3      | Found a glowing drain.
  1999 | Sewer    | Entered a sewer
  2014 | Sewer    | Noticed Purgy
  2018 | Sewer    | Killed Purgy
  2018 | Sewer    | Reached skill level 6 in Axes
  2018 | Sewer    | Reached XP level 6. HP: 26/48 MP: 6/6
  2679 | D:4      | Noticed DEFE's ghost (amateur DEFi)
  2689 | D:4      | Killed DEFE's ghost
  2766 | D:4      | Found an iron altar of Okawaru.
  2773 | D:4      | Became a worshipper of Warmaster Okawaru
  2783 | D:4      | Found a staircase to the Ecumenical Temple.
  2799 | D:4      | Reached skill level 7 in Axes
  2799 | D:4      | Reached XP level 7. HP: 54/54 MP: 7/7
  2830 | D:4      | Noticed Menkaure
  2838 | D:4      | Killed Menkaure
  2989 | D:5      | Entered Level 5 of the Dungeon
  3001 | D:5      | Reached skill level 8 in Axes
  3049 | D:5      | Found a sand-covered staircase.
  3055 | Ossuary  | Entered an ossuary
  3073 | Ossuary  | Reached * piety under Okawaru
  3241 | Ossuary  | Reached XP level 8. HP: 57/60 MP: 8/8
  3396 | D:5      | Found a snail-covered altar of Cheibriados.
  3401 | D:5      | Found a sparkling altar of Nemelex Xobeh.
  3471 | D:5      | Reached skill level 1 in Invocations
  3781 | D:5      | Reached skill level 9 in Axes
  4011 | D:5      | Found Emoged's Distillery.
  4017 | D:5      | Bought a potion of heal wounds for 75 gold pieces
  4017 | D:5      | Bought a potion of might for 60 gold pieces
  4017 | D:5      | Bought a potion of resistance for 150 gold pieces
  4017 | D:5      | Bought a potion of flight for 45 gold pieces
  4400 | D:6      | Reached ** piety under Okawaru
  4494 | D:6      | Found a shimmering altar of Xom.
  4510 | D:6      | Reached skill level 5 in Fighting
  4997 | D:7      | Noticed Pikel
  5009 | D:7      | Killed Pikel
  5009 | D:7      | Gained mutation: You are partially covered in yellow scales (AC +2). [demonic ancestry]
  5009 | D:7      | Reached XP level 9. HP: 47/68 MP: 10/12
  5269 | D:7      | Reached skill level 10 in Axes
  5305 | D:7      | Got a heavily runed emerald amulet
  5322 | D:7      | Identified the amulet "Erinec" {Spirit rF+ Dex+4} (You found it on level 7 of the Dungeon)
  5524 | D:7      | Found a stormy altar of Qazlal.
  5570 | D:7      | Noticed a hill giant
  5582 | D:7      | Killed a hill giant
  5582 | D:7      | Reached skill level 5 in Invocations
  5783 | D:7      | Reached *** piety under Okawaru
  6090 | D:8      | Found a white marble altar of Elyvilon.
  6602 | D:8      | Reached XP level 10. HP: 62/77 MP: 11/14
  6756 | D:9      | Reached skill level 5 in Armour
  6767 | D:9      | Reached skill level 11 in Axes
  6866 | D:9      | Found Sostayqu's Antique Armour Shop.
  6873 | D:9      | Bought a spiked chain mail for 209 gold pieces
  6883 | D:9      | Identified the +6 chain mail "Juralos" {MR++ rCorr Int-4} (You bought it in a shop on level 9 of the Dungeon)
  7194 | D:9      | Reached **** piety under Okawaru
  7384 | D:9      | Found a staircase to the Lair.
  7506 | D:10     | Entered Level 10 of the Dungeon
  7594 | D:10     | Found a staircase to the Orcish Mines.
  7674 | D:10     | Reached skill level 12 in Axes
  7696 | D:10     | Reached ***** piety under Okawaru
  7952 | D:10     | Reached XP level 11. HP: 41/86 MP: 10/15
  8449 | D:10     | Killed an unseen horror
  8449 | D:10     | Received a gift from Okawaru
  8450 | D:10     | Got a scorched executioner's axe {god gift}
  8451 | D:10     | Identified the +5 executioner's axe of the Iron City of Dis {pain, rElec rF- Int+4 Stlth+} (Okawaru gifted it to you on level 10 of the Dungeon)
  8677 | D:10     | Noticed a hill giant
  8687 | D:10     | Killed a hill giant
  8851 | D:11     | Noticed a hill giant
  8854 | D:11     | Noticed Urug
  8860 | D:11     | Killed a hill giant
  8877 | D:11     | Killed Urug
  9173 | D:11     | Learned a level 1 spell: Apportation
  9377 | D:11     | Noticed Grum
  9382 | D:11     | Reached skill level 1 in Dodging
  9385 | D:11     | Killed Grum
  9616 | D:11     | Noticed Fannar
  9641 | D:11     | Reached skill level 13 in Axes
  9673 | D:11     | HP: 1/87 [ice beast[Fannar] (6)]
  9681 | D:11     | Mangled by an ice beast

Action                   |  1- 3 |  4- 6 |  7- 9 | 10-12 || total
-------------------------+-------+-------+-------+-------++-------
Melee: Hand axe          |    61 |    90 |   193 |       ||   344
       War axe           |       |       |   132 |   351 ||   483
       Battleaxe         |       |       |       |    45 ||    45
Invok: Heroism           |       |       |     5 |     9 ||    14
  Use: Scroll            |       |     6 |     2 |     2 ||    10
       Potion            |       |     3 |       |     7 ||    10
 Stab: Distracted        |       |       |     1 |     1 ||     2
       Sleeping          |       |       |     1 |       ||     1
  Eat: Chunk             |       |     6 |     5 |     5 ||    16
       Pizza             |       |       |     1 |     1 ||     2
       Bread ration      |       |       |     1 |     1 ||     2
